 Dungeon Crawl Stone Soup version 0.28.0-45-g0d030f2227 (console) character file.

Game seed: 5921966004362753415

46729 CuBeRJAN3 the Fighter (level 14, -2/124 HPs)
             Began as a Red Draconian Fighter on Apr 5, 2022.
             Was an Elder of Zin.
             Slain by a skeletal warrior
             ... wielding a +0 battleaxe
             ... led by a death knight
              (7 damage)
             ... on level 11 of the Dungeon on Apr 6, 2022.
             The game lasted 01:37:37 (29037 turns).

CuBeRJAN3 the Fighter (Red Draconian Fighter)      Turns: 29037, Time: 01:37:37

Health: -2/124     AC: 18    Str: 26    XL:     14   Next: 5%
Magic:  20/20      EV: 18    Int:  8    God:    Zin [****..]
Gold:   153        SH:  7    Dex: 19    Spells: 8/13 levels left

rFire   + . .      SeeInvis .   a - +0 war axe (freeze)
rCold   . . .      Faith    .   M - +0 buckler
rNeg    . . .      Spirit   .   (armour unavailable)
rPois   .          Reflect  .   (helmet restricted)
rElec   .          Harm     .   z - +0 cloak
rCorr   .          Rampage  .   u - +2 pair of gloves {Dex+3}
Will    +....                   n - +1 pair of boots
Stlth   ++++......              (no amulet)
HPRegen 0.30/turn               e - +4 ring of protection
MPRegen 0.17/turn               t - ring "Lyxti" {Wiz Str+7}

@: no status effects
A: breathe fire, AC +8, unfitting armour, fire resistance 1, cold-blooded
a: Breathe Fire, Renounce Religion, Recite, Vitalisation, Imprison, Donate Gold


You were on level 11 of the Dungeon.
You worshipped Zin.
Zin was greatly pleased with you.
You visited 3 branches of the dungeon, and saw 19 of its levels.
You also visited: Sewer.

You collected 850 gold pieces.
You spent 162 gold pieces at shops.
You donated 535 gold pieces to Zin.

Inventory:

Hand Weapons
 a - a +0 war axe of freezing (weapon)
 b - a +0 hunting sling of venom
 p - the +0 whip of Calculation {vorpal, rPois}
   (You found it on level 9 of the Dungeon)

   It inflicts extra damage upon your enemies.
   rPois:     It protects you from poison.
Missiles
 f - 74 bolts
 h - 48 sling bullets
 I - 144 arrows
Armour
 n - a +1 pair of boots (worn)
 u - a +2 pair of gloves of dexterity (worn)
 z - a +0 cloak (worn)
 M - a +0 buckler (worn)
Jewellery
 e - a +4 ring of protection (left hand)
 m - a +4 ring of protection
 t - the ring "Lyxti" (right hand) {Wiz Str+7}
   (You found it on level 3 of the Dungeon)

   [ring of wizardry]

   It improves your spell success rate.
   Str:       It affects your strength (+7).
 F - a ring of fire
Wands
 v - a wand of iceblast (6)
 H - a wand of digging (12)
 J - a wand of flame (1)
Scrolls
 c - a scroll of immolation
 i - a scroll of torment {unknown}
 j - 3 scrolls of teleportation
 s - 4 scrolls of amnesia
 x - 2 scrolls of noise
 y - 2 scrolls of fear
 C - a scroll of acquirement {unknown}
 E - 3 scrolls of blinking
 K - a scroll of enchant weapon {unknown}
 L - a scroll of identify
 N - 2 scrolls of vulnerability
 O - 2 scrolls of magic mapping
 Q - 3 scrolls of fog
Potions
 d - 9 potions of curing
 g - 4 potions of flight
 k - 3 potions of haste {unknown}
 l - 3 potions of ambrosia {unknown}
 o - 3 potions of brilliance
 q - 3 potions of degeneration
 r - 2 potions of heal wounds
 w - 2 potions of invisibility {unknown}
 A - 6 potions of mutation
 B - 4 potions of magic {unknown}
 D - a potion of lignification {unknown}
 G - 2 potions of berserk rage {unknown}
 R - a potion of attraction {unknown}
 S - 2 potions of might
 U - a potion of cancellation {unknown}


   Skills:
 + Level 11.4 Fighting
 + Level 10.1 Axes
 + Level 4.5(5.4) Slings
 - Level 4.4(5.3) Throwing
 - Level 9.5 Dodging
 - Level 6.7 Stealth
 - Level 10.3 Shields
 - Level 8.2 Invocations
 - Level 9.3 Evocations


You had 8 spell levels left.
You knew the following spells:

 Your Spells              Type           Power      Damage    Failure   Level
a - Fireball              Conj/Fire      0%         3d3       99%         5

Your spell library contained the following spells:

 Spells                   Type           Power      Damage    Failure   Level
 Beastly Appendage        Tmut           0%         N/A       21%         1
 Magic Dart               Conj           0%         1d3       21%         1
 Call Imp                 Summ           0%         N/A       30%         2
 Wereblood                Tmut           0%         N/A       30%         2
 Call Canine Familiar     Summ           0%         N/A       50%         3
 Mephitic Cloud           Conj/Pois/Air  0%         N/A       50%         3
 Portal Projectile        Hex/Tloc       0%         N/A       50%         3
 Spider Form              Tmut/Pois      0%         N/A       50%         3
 Hailstorm                Conj/Ice       0%         3d3       87%         4
 Ice Form                 Ice/Tmut       0%         N/A       87%         4
 Leda's Liquefaction      Hex/Erth       0%         N/A       87%         4
 Blade Hands              Tmut           0%         N/A       99%         5
 Excruciating Wounds      Necr           0%         N/A       99%         5
 Iskenderun's Battlesphe  Conj           0%         2d6       99%         5
 Conjure Ball Lightning   Conj/Air       0%         3x3d6     100%        6
 Simulacrum               Ice/Necr       0%         N/A       100%        6
 Orb of Destruction       Conj           0%         9d5       100%        7


Dungeon Overview and Level Annotations

Branches:
Dungeon (12/15)            Temple (1/1) D:6            Lair (6/6) D:10
 Shoals (0/4) Lair:3        Snake (0/4) Lair:4        Slime (0/5) Lair:5
  Sewer (visited)
    Orc: D:9-12

Altars:
Ashenzari
Cheibriados
Dithmenos
Elyvilon
Fedhas
Gozag
Hepliaklqana
Kikubaaqudgha
Makhleb
Nemelex Xobeh
Okawaru
Qazlal
Ru
Sif Muna
Trog
Uskayaw
Vehumet
Wu Jian
Xom
Yredelemnul
Zin
The Shining One
Lugonu

Shops:
D:2 [   D:6 (   D:8 ?

Annotations:
D:4 Grinder, Pikel
D:5 2 transporters
D:10 Josephine
Lair:4 exclusion: oklob plant
Lair:5 exclusion: oklob plant


Innate Abilities, Weirdness & Mutations

You can breathe blasts of fire.
Your fiery red scales are hard. (AC +8)
You cannot fit into any form of body armour.
Your flesh is heat resistant. (rF+)
You are cold-blooded and may be slowed by cold attacks.


Message History

The skeletal warrior hits you but does no damage.
You closely miss the skeletal warrior.
The skeletal warrior is almost destroyed.
You block the skeletal warrior's attack.
You hit the skeletal warrior. You freeze the skeletal warrior.
Your tail-slap misses the skeletal warrior.
The skeletal warrior is almost destroyed.
The skeletal warrior closely misses you.
You barely miss the skeletal warrior.
Your tail-slap misses the skeletal warrior.
The skeletal warrior is almost destroyed.
The skeletal warrior hits you with a +0 battleaxe!!
* * * LOW HITPOINT WARNING * * *
You closely miss the skeletal warrior.
The skeletal warrior is almost destroyed.
The skeletal warrior misses you.
You closely miss the skeletal warrior.
You tail-slap the skeletal warrior, but do no damage.
The skeletal warrior is almost destroyed.
The skeletal warrior hits you with a +0 battleaxe!!
* * * LOW HITPOINT WARNING * * *
You barely miss the skeletal warrior.
The skeletal warrior is almost destroyed.
The skeletal warrior misses you.
You hit the skeletal warrior.
Your tail-slap misses the skeletal warrior.
The skeletal warrior is almost destroyed.
The skeletal warrior hits you with a +0 battleaxe.
* * * LOW HITPOINT WARNING * * *
You barely miss the skeletal warrior.
You tail-slap the skeletal warrior, but do no damage.
The skeletal warrior is almost destroyed.
You block the skeletal warrior's attack.
You closely miss the skeletal warrior.
The skeletal warrior is almost destroyed.
You block the skeletal warrior's attack.
You hit the skeletal warrior but do no damage.
The skeletal warrior is almost destroyed.
The skeletal warrior hits you with a +0 battleaxe!
You die...

#.# #####..## #.#
#......# #.#
#####.###.## #.#
#.....##.#.## #.#
#.#####.###.# #.# #.#
#.## ##. ##.#########.#
##.###.# #............#
##.#..# #..#########.#
#..#.# #..#
#######(######.##.# #..#
#.@z..(..(.....##.#
#..###.#####.######....#
#......# #...#####.####
#.###### #.......#.####
#.# #...##.......# #.#
##.###.(.....# #.# #.#
#.......#
#.##########.###........
#............#.........#
##############.#.......#
#.#...)...#


You could see a skeletal warrior.

Vanquished Creatures
  8 hydras
  2 two-headed ogres
  9 death yaks
  A deep elf pyromancer (D:10)
  A phantasmal warrior (D:11)
  11 elephants
  Maurice (D:10)
  3 black mambas
  A guardian serpent (Lair:4)
  A smoke demon (Lair:6)
  4 rime drakes
  9 cane toads
  2 komodo dragons
  4 merfolk (Lair:3)
  3 trolls
  3 hornets
  3 polar bears
  A meliai zombie (D:11)
  2 slime creatures (Lair:5)
  24 blink frogs
  18 dream sheep
  A spriggan (shapeshifter) (Lair:6)
  5 wraiths
  4 wyverns
  2 basilisks
  A vampire (D:12)
  31 yaks
  A steam dragon (D:8)
  10 vampire mosquitoes
  11 water moccasins
  3 orc warriors
  2 small abominations (Lair:6)
  2 black bears
  2 ogres (D:5)
  A centaur (D:10)
  4 wolves (Lair:5)
  2 lemures (D:5)
  6 bullfrogs
  Blork the orc (D:3)
  2 wyvern skeletons (D:6)
  24 killer bees
  9 howler monkeys
  2 centaur zombies
  A bullfrog zombie (D:7)
  7 hounds
  7 orc priests
  A gnoll shaman (D:6)
  5 jellies
  An iron imp (D:6)
  2 iguanas
  4 orc wizards
  4 hell rats (Lair:2)
  The ghost of H0rd4k the Magician, a weakling DEWz (D:3)
  3 howler monkey zombies
  4 adders
  8 gnolls
  10 river rats
  A white imp (D:5)
  An ufetubus (D:5)
  An adder skeleton (D:3)
  3 worms
  2 dart slugs (D:1)
  28 orcs
  2 bats
  4 endoplasms
  2 giant cockroaches
  3 goblins
  5 hobgoblins
  5 jackals
  3 quokkas
  5 ball pythons
  A frilled lizard (D:1)
  15 kobolds
  30 rats
406 creatures vanquished.

Vanquished Creatures (collateral kills)
  A hydra (Lair:5)
1 creature vanquished.

Vanquished Creatures (others)
  48 fungi
  55 plants
103 creatures vanquished.

Grand Total: 510 creatures vanquished

Notes
Turn   | Place    | Note
-------+----------+-------------------------------------------
     0 | D:1      | CuBeRJAN3 the Draconian Fighter began the quest for the
                  | Orb.
     0 | D:1      | Reached XP level 1. HP: 19/19 MP: 1/1
   314 | D:1      | Reached XP level 2. HP: 26/26 MP: 2/2
  1094 | D:2      | Found Weut's Armour Boutique.
  1175 | D:2      | Reached XP level 3. HP: 33/33 MP: 3/3
  1868 | D:3      | Found a shadowy altar of Dithmenos.
  1908 | D:3      | Found an ancient bone altar of Kikubaaqudgha.
  2053 | D:3      | Reached XP level 4. HP: 40/40 MP: 4/4
  2063 | D:3      | Reached skill level 4 in Fighting
  2092 | D:3      | Found a runed translucent door.
  2097 | D:3      | Noticed H0rd4k's ghost (weakling DEWz)
  2114 | D:3      | Killed H0rd4k's ghost
  2118 | D:3      | Identified the ring "Lyxti" {Wiz Str+7}
  2606 | D:4      | Noticed a lemure
  2660 | D:4      | Noticed a lemure
  2824 | D:4      | Noticed a lemure
  2825 | D:4      | Found a hide-covered altar of Uskayaw.
  2825 | D:4      | Noticed Pikel
  2825 | D:4      | Noticed Blork the orc
  2892 | D:4      | Reached XP level 5. HP: 28/46 MP: 5/5
  3034 | D:4      | Noticed a lemure
  3072 | D:4      | Found a glowing silver altar of Zin.
  3072 | D:4      | Noticed an angel
  3078 | D:4      | Became a worshipper of Zin the Law-Giver
  3172 | D:3      | Reached skill level 1 in Stealth
  3210 | D:3      | Killed Blork the orc
  3253 | D:4      | Noticed Grinder
  3300 | D:5      | Entered Level 5 of the Dungeon
  3311 | D:5      | Killed a lemure
  3313 | D:5      | Killed a lemure
  3393 | D:5      | Reached XP level 6. HP: 41/53 MP: 6/6
  3521 | D:5      | Found a white marble altar of Elyvilon.
  3539 | D:5      | Found a glowing drain.
  3548 | Sewer    | Entered a sewer
  3960 | Sewer    | Reached skill level 1 in Evocations
  4351 | D:5      | Reached * piety under Zin
  4363 | D:5      | Found a transporter.
  4372 | D:5      | Your scales start taking on a fiery red colour.
  4372 | D:5      | Reached XP level 7. HP: 26/60 MP: 7/7
  4372 | D:5      | Gained mutation: Your flesh is heat resistant. (rF+) [Red
                  | Draconian growth]
  4544 | D:5      | Found a transporter.
  4549 | D:5      | Donated 47 gold pieces to Zin
  4758 | D:5      | Reached skill level 5 in Fighting
  4965 | D:6      | Learned a level 5 spell: Fireball
  5379 | D:6      | Found a snail-covered altar of Cheibriados.
  5479 | D:6      | Noticed a hornet
  5587 | D:6      | Found a radiant altar of Vehumet.
  5590 | D:6      | You fall into a shaft and drop 2 floors!
  5624 | D:8      | Reached skill level 5 in Shields
  5624 | D:8      | Reached XP level 8. HP: 56/69 MP: 8/8
  5986 | D:6      | Found a stormy altar of Qazlal.
  6090 | D:6      | Found a staircase to the Ecumenical Temple.
  6100 | Temple   | Entered the Ecumenical Temple
  6339 | D:6      | Reached ** piety under Zin
  6492 | D:6      | Paralysed by a hornet for 1 turns
  6496 | D:6      | Killed a hornet
  6497 | D:6      | Reached skill level 6 in Fighting
  6497 | D:6      | Reached skill level 5 in Axes
  6497 | D:6      | Reached skill level 5 in Dodging
  6828 | D:6      | Reached XP level 9. HP: 45/78 MP: 9/9
  7126 | D:6      | Found Tabao's Weapon Shop.
  7482 | D:7      | Found a bloodstained altar of Trog.
  7630 | D:7      | Found a hazy altar of Hepliaklqana.
  7712 | D:7      | Reached *** piety under Zin
  8245 | D:8      | Found Watuike's Magic Scroll Shoppe.
  8252 | D:8      | Bought a scroll of teleportation for 39 gold pieces
  8252 | D:8      | Bought a scroll of identify for 26 gold pieces
  8252 | D:8      | Bought a scroll of identify for 26 gold pieces
  8252 | D:8      | Bought a scroll of identify for 26 gold pieces
  8252 | D:8      | Bought a scroll of magic mapping for 45 gold pieces
  8343 | D:8      | Reached skill level 7 in Fighting
  8481 | D:8      | Found a glowing golden altar of the Shining One.
  8512 | D:8      | Found an ornate altar of the Wu Jian Council.
  8545 | D:8      | Reached skill level 5 in Stealth
  9129 | D:8      | Noticed a queen bee
  9769 | D:9      | Noticed a troll
  9778 | D:9      | Killed a troll
  9779 | D:9      | Reached skill level 5 in Evocations
  9868 | D:9      | Noticed a cyclops
  9913 | D:9      | Noticed a two-headed ogre
  9925 | D:9      | Killed a two-headed ogre
  9926 | D:9      | Reached XP level 10. HP: 35/88 MP: 10/10
 10353 | D:9      | Noticed a two-headed ogre
 10366 | D:8      | Found a shimmering blue altar of Sif Muna.
 10383 | D:8      | Donated 75 gold pieces to Zin
 10425 | D:10     | Entered Level 10 of the Dungeon
 10780 | D:10     | Found a staircase to the Lair.
 10925 | D:10     | Found a shimmering altar of Xom.
 10991 | Lair:1   | Entered Level 1 of the Lair of Beasts
 11309 | Lair:1   | Reached skill level 1 in Invocations
 11533 | Lair:1   | Noticed a cane toad
 11547 | Lair:1   | Killed a cane toad
 11910 | Lair:1   | Reached skill level 8 in Fighting
 12949 | Lair:2   | Donated 60 gold pieces to Zin
 13223 | Lair:2   | Reached XP level 11. HP: 73/91 MP: 13/13
 13305 | Lair:2   | Reached **** piety under Zin
 14468 | Lair:2   | Noticed an eight-headed hydra
 14474 | Lair:2   | Killed an eight-headed hydra
 14475 | Lair:2   | Reached skill level 1 in Throwing
 15056 | Lair:3   | Found a staircase to the Shoals.
 15469 | Lair:3   | Reached skill level 9 in Fighting
 16020 | Lair:3   | Noticed a five-headed hydra
 16054 | Lair:3   | Killed a five-headed hydra
 16673 | Lair:3   | Reached skill level 5 in Invocations
 17623 | Lair:3   | Reached XP level 12. HP: 72/105 MP: 15/15
 18003 | Lair:4   | Found a staircase to the Snake Pit.
 18358 | Lair:4   | Noticed an eight-headed hydra
 18786 | Lair:5   | Noticed a death yak
 18786 | Lair:5   | Noticed a death yak
 18786 | Lair:5   | Noticed a death yak
 18786 | Lair:5   | Noticed a death yak
 18786 | Lair:5   | Noticed a death yak
 18804 | Lair:5   | Killed a death yak
 18805 | Lair:5   | Killed a death yak
 18811 | Lair:5   | Killed a death yak
 18846 | Lair:4   | Killed a death yak
 19117 | Lair:5   | Killed a death yak
 19429 | Lair:5   | Reached skill level 10 in Fighting
 19436 | Lair:5   | Donated 113 gold pieces to Zin
 19526 | Lair:5   | Noticed an eight-headed hydra
 19546 | Lair:5   | Killed an eight-headed hydra
 19592 | Lair:5   | Noticed a four-headed hydra
 19877 | Lair:5   | Found a staircase to the Slime Pits.
 20512 | Lair:5   | Killed a six-headed hydra
 20857 | Lair:6   | Entered Level 6 of the Lair of Beasts
 20904 | Lair:6   | Noticed an eight-headed hydra
 20924 | Lair:5   | Killed an eight-headed hydra
 21138 | Lair:5   | Reached XP level 13. HP: 73/114 MP: 18/18
 22209 | D:9      | Identified the +0 whip of Calculation {vorpal, rPois}
 22845 | Lair:5   | Reached skill level 1 in Slings
 23997 | Lair:5   | Reached skill level 10 in Shields
 24788 | Lair:5   | Reached skill level 11 in Fighting
 26059 | D:10     | Noticed Maurice
 26072 | D:10     | Killed Maurice
 26636 | D:10     | Found a sacrificial altar of Ru.
 26905 | D:10     | Noticed Josephine
 27197 | D:11     | Reached skill level 10 in Axes
 27619 | D:11     | Reached XP level 14. HP: 124/124 MP: 20/20
 28039 | D:11     | Donated 155 gold pieces to Zin
 29034 | D:11     | HP: 4/124 [skeletal warrior/+0 battleaxe[a death knight]
                  | (5)]
 29037 | D:11     | Slain by a skeletal warrior

Illustrated notes

Levels and vault maps discovered:
D:1:      dpeg_arrival_erosion, layout_basic, minmay_strange_pillars
D:2:      layout_rooms, serial_shops, shop
D:3:      layout_loops_ring, grunt_dithmenos_smoke, old_standard_altar,
          ebering_ghost_inner_flame
D:4:      layout_cave_pools, zin_angel,
          nicolae_uskayaw_murder_on_the_dancefloor, minmay_hedge_maze,
          dk_rats_in_the_wall, uniq_pikel, uniq_robin, uniq_grinder,
          uniq_blork_the_orc
D:5:      gammafunk_steamed_eel, layout_cave_pools,
          mainiacjoe_overflow_small_starburst, cheibrodos_sewer_entry_drain
D:6:      layout_basic, grunt_qazlal_clouds, vehumet_altar_wand_db,
          slow_altar_1, temple_fountains, serial_shops, shop
D:7:      layout_rooms, mainiacjoe_overflow_concentric_impassable, trog_book
D:8:      layout_loops_ring, nicolae_overflow_hidden_temple, serial_shops,
          shop_statue, minivault_19, nicolae_looking_at_the_future
D:9:      layout_gridville, serial_rivers, chequers_serial_rivers_marsh,
          chequers_serial_rivers_room_b, chequers_serial_rivers_micro_e,
          chequers_serial_rivers_room_b, onia_ninara_dug_in_and_dangerous
D:10:     layout_stronghold, amcnicky_altar_gilded, dk_xom_monty_hall,
          lair_entry_dummy, serial_column_ruins, column_ruins_temple_hall,
          column_ruins_columns_plus, column_ruins_grid_3,
          column_ruins_columns_straight, column_ruins_corridor_straight,
          minmay_misc_feat_x, nrook_uturn, minmay_misc_feat_room, uniq_maurice,
          uniq_josephine
D:11:     layout_loops_ring
D:12:     cheibrodos_body_horror, layout_small_grid, orc_0_dummy, serial_shops,
          shop, chequers_big_river, tso_altar
Temple:   corrupted_temple
Lair:1:   layout_small_grid, infiniplex_staircase_pool, grunt_megastairs_2
Lair:2:   layout_gridlike, kennysheep_abandoned_house,
          infiniplex_staircase_pool_2
Lair:3:   layout_regular_city, elwin_shoals_entry_stream
Lair:4:   layout_misc_corridors, minmay_snake_entry_spellcaster,
          patterned_corridor, lemuel_fruit_fields
Lair:5:   layout_roguey, minmay_slime_entry_pillars
Lair:6:   hellmonk_lair_end_abyssal_woods, layout_hall_layers,
          guppyfry_lair_drakes, grunt_megastairs_1

Skill      XL: |  1  2  3  4  5  6  7  8  9 10 11 12 13 |
---------------+----------------------------------------+-----
Dodging        | 3 4 5 6 7 8 9 |  9.5
Fighting       | 4 5 6 7 8 9 10 11 | 11.4
Axes           | 3 4 5 6 7 8 9 10 | 10.1
Stealth        | 1 2 3 4 5 6 |  6.7
Shields        | 4 5 6 7 8 9 10 | 10.3
Evocations     | 1 2 3 5 6 7 8 9 |  9.3
Invocations    | 3 5 6 8 |  8.2
Throwing       | 2 4 |  4.4
Slings         | 4 |  4.5

Action                   |  1- 3 |  4- 6 |  7- 9 | 10-12 | 13-15 || total
-------------------------+-------+-------+-------+-------+-------++-------
Melee: War axe           |    77 |   184 |   369 |   546 |   400 ||  1576
       Tailslap          |    11 |    27 |    67 |   106 |   106 ||   317
       Whip              |       |       |       |       |    68 ||    68
 Fire: Hunting sling     |       |       |       |       |   138 ||   138
Throw: Dart              |       |       |       |   158 |       ||   158
Invok: Donate Gold       |       |       |     1 |     3 |     1 ||     5
       Vitalisation      |       |       |     1 |     7 |       ||     8
 Abil: Breathe Fire      |       |       |    10 |    12 |     1 ||    23
Evoke: Wand              |       |       |     3 |    61 |     2 ||    66
  Use: Scroll            |       |     7 |     5 |     9 |     3 ||    24
       Potion            |       |     1 |       |     4 |     1 ||     6
 Stab: Sleeping          |       |     3 |     3 |     2 |     3 ||    11
Armor: Skin              |    31 |    74 |   195 |   238 |   180 ||   718
Dodge: Dodged            |    37 |    88 |   371 |   424 |   426 ||  1346
Block: Buckler           |     8 |    37 |   154 |   234 |   242 ||   675
